 Dungeon Crawl Stone Soup version 0.29.1-1-gd02db6906a (webtiles) character file.

Game seed: 1225276349631169491

1638 Barsook the Chopper (level 8, -1/106 HPs)
             Began as a Demonspawn Berserker on Oct 16, 2022.
             Was a Priest of Trog.
             Slain by a lemure (2 damage)
             ... led by Pikel
             ... on level 6 of the Dungeon.
             The game lasted 00:12:48 (5852 turns).

Barsook the Chopper (Demonspawn Berserker)          Turns: 5852, Time: 00:12:48

Health: -1/106     AC: 11    Str: 17    XL:     8   Next: 66%
Magic:  7/7        EV: 11    Int:  7    God:    Trog [***...]
Gold:   263        SH:  0    Dex: 21    Spells: 7/7 levels left

rFire   . . .      SeeInvis +   i - +2 battleaxe (venom)
rCold   . . .      Faith    +   (shield currently unavailable)
rNeg    . . .      Spirit   .   e - +1 scale mail
rPois   .          Reflect  .   l - +0 helmet
rElec   .          Harm     .   h - +0 cloak
rCorr   .          Rampage  .   (gloves unavailable)
Will    +++..                   (no boots)
Stlth   ..........              r - amulet of faith
HPRegen 1.27/turn               k - ring of see invisible
MPRegen 0.10/turn               (no ring)

@: berserking, strong-willed, regenerating, very quick
A: rugged brown scales 1, spiny 1, demonic touch 3, agile 2, low MP 1,
strong-willed 1, robust 1, MP-powered wands
a: Renounce Religion, Berserk, Trog's Hand


You were on level 6 of the Dungeon.
You worshipped Trog.
Trog was most pleased with you.
You visited 1 branch of the dungeon, and saw 6 of its levels.

You collected 407 gold pieces.
You spent 144 gold pieces at shops.

Inventory:

Hand Weapons
 i - a +2 battleaxe of venom (weapon)
Missiles
 b - 4 silver javelins (quivered)
Armour
 c - +0 steam dragon scales
 e - a +1 scale mail (worn)
 h - a +0 cloak (worn)
 l - a +0 helmet (worn)
Jewellery
 f - a ring of protection from fire
 k - a ring of see invisible (left hand)
 r - an amulet of faith (around neck)
Wands
 a - a wand of iceblast (8)
 j - a wand of quicksilver (3)
Scrolls
 m - a scroll of silence
 n - a scroll of identify
 o - 2 scrolls of vulnerability
 p - a scroll of teleportation
Potions
 d - 8 potions of curing
 q - a potion of resistance
Miscellaneous
 g - a piece from Xom's chessboard (15/15)


   Skills:
 + Level 5.5 Fighting
 + Level 7.3 Axes
 + Level 5.1 Armour
 + Level 3.4 Dodging
 + Level 1.6 Stealth
 + Level 0.4 Evocations


You had 7 spell levels left.
You didn't know any spells.
Your spell library was empty.

Dungeon Overview and Level Annotations

Branches:
Dungeon (6/15)             Temple (0/1) D:5

Altars:
Vehumet
Xom
Yredelemnul

Shops:
D:3 !   D:6 :

Annotations:
D:6 2 transporters, Pikel; miserystealer's ghost, novice DrTm


Innate Abilities, Weirdness & Mutations

You are partially covered in rugged brown scales. (AC +1, +3% HP)
You are partially covered in sharp spines.
Your touch may irresistibly damage your foes and sap their willpower.
You are very agile. (Dex +8, Str/Int -2)
Your magical capacity is low. (-10% MP)
You are strong-willed. (Will+)
You are robust. (+10% HP)
You expend magic power (3 MP) to strengthen your wands.


Message History

Pikel is struck by your spines.
Pikel hits you with a +2 whip of flaming.
* * * LOW HITPOINT WARNING * * *
Pikel burns you.
* * * LOW HITPOINT WARNING * * *
The lemure hits you but does no damage.
Pikel hits you with a +2 whip of flaming!
* * * LOW HITPOINT WARNING * * *
Pikel burns you.
* * * LOW HITPOINT WARNING * * *
A red film seems to cover your vision as you go berserk!
You feel yourself moving faster!
You feel mighty! Pikel completely misses you.
The lemure hits you but does no damage.
You miss Pikel.
Pikel is lightly wounded.
You barely miss the lemure. Pikel barely misses you.
You closely miss Pikel.
Pikel is lightly wounded.
You barely miss the lemure. Pikel barely misses you. The lemure hits you.
* * * LOW HITPOINT WARNING * * *
You slash Pikel!
Pikel is poisoned.
Pikel is moderately wounded.
You slash the lemure!
The lemure is poisoned.
You hit the iguana.
The iguana is poisoned.
Pikel hits you with a +2 whip of flaming.
* * * LOW HITPOINT WARNING * * *
Pikel burns you.
* * * LOW HITPOINT WARNING * * *
The lemure hits you but does no damage. The iguana is struck by your spines.
The iguana bites you but does no damage.
You slice Pikel!!
Pikel looks as sick as possible!
Pikel is severely wounded.
You barely miss the lemure. You completely miss the iguana.
Pikel hits you with a +2 whip of flaming.
* * * LOW HITPOINT WARNING * * *
Pikel burns you.
* * * LOW HITPOINT WARNING * * *
Pikel is struck by your spines. Pikel hits you but does no damage.
The lemure hits you.
You die...

###
#..#~~~#.##.#
#..#####.#.##
#..........#
#..........#
####...###.#
+.......# .#
####...##
#####..######
#..5K@l.......
#.#o#5#.#.#.#.
....J......
#...⌠.....⌠.?.
........_......
###...⌠.....⌠...
#............
#.#.#.#.#.#.


You could see Pikel (berserk, extremely poisoned), 2 lemures, an iguana (very
poisoned), a jelly and an orc.

Vanquished Creatures
  Grinder (D:4)
  Sigmund (D:4)
  Menkaure (D:4)
  Duvessa (D:5)
  A black bear (D:5)
  2 lemures (D:6)
  A scorpion (D:6)
  Blork the orc (D:5)
  6 killer bees (D:6)
  Dowan (D:5)
  2 howler monkeys
  7 hounds
  A jelly (D:5)
  A gnoll bouda (D:5)
  An iguana (D:6)
  A mummy (D:4)
  4 gnolls (D:5)
  6 adders
  A white imp (D:6)
  A dart slug (D:2)
  12 orcs
  10 ball pythons
  7 bats
  6 endoplasms
  2 giant cockroaches (D:1)
  6 goblins
  9 hobgoblins
  3 jackals (D:4)
  4 quokkas
  5 frilled lizards
  2 hobgoblin zombies (D:4)
  5 kobolds
  A kobold zombie (D:4)
  An orc zombie (D:4)
  5 rats
  2 butterflies (D:3)
121 creatures vanquished.

Vanquished Creatures (others)
  A plant (D:5)
  5 toadstools (D:1)
6 creatures vanquished.

Grand Total: 127 creatures vanquished

Notes
Turn   | Place    | Note
-------+----------+-------------------------------------------
     0 | D:1      | Barsook the Demonspawn Berserker began the quest for the
                  | Orb.
     0 | D:1      | Reached XP level 1. HP: 18/18 MP: 1/1
   280 | D:1      | Gained mutation: Your touch may inflict minor irresistible
                  | damage on your foes. [demonic ancestry]
   280 | D:1      | Reached XP level 2. HP: 22/24 MP: 2/2
   283 | D:1      | Gained mutation: Your magical capacity is low. (-10% MP)
                  | [potion of mutation]
   283 | D:1      | Gained mutation: You have hidden genetic potential. [potion
                  | of mutation]
   283 | D:1      | Gained mutation: You have sharp toenails. [potion of
                  | mutation]
   327 | D:1      | Found a faded altar of an unknown god.
   401 | D:1      | Reached skill level 3 in Axes
   623 | D:1      | Reached ** piety under Trog
   757 | D:1      | Reached XP level 3. HP: 29/29 MP: 2/2
   783 | D:1      | Gained mutation: You expend magic power (3 MP) to
                  | strengthen your wands. [hidden potential]
  2354 | D:3      | Found Geleypn's Distillery.
  2361 | D:3      | Bought a potion of curing for 36 gold pieces
  2361 | D:3      | Bought a potion of curing for 36 gold pieces
  2361 | D:3      | Bought 2 potions of curing for 72 gold pieces
  2395 | D:3      | Gained mutation: Your touch may inflict irresistible damage
                  | on your foes. [demonic ancestry]
  2395 | D:3      | Reached XP level 4. HP: 37/37 MP: 3/3
  2458 | D:3      | Gained mutation: You have a beak for a mouth. [hidden
                  | potential]
  2458 | D:3      | Lost mutation: You have hidden genetic potential. [hidden
                  | potential expressed]
  2459 | D:3      | Identified the +1 robe "Zonesac" {rC+ Int-3 Dex+4}
  2482 | D:3      | Found a shimmering altar of Xom.
  2982 | D:3      | Identified a scroll of acquirement
  2982 | D:3      | Acquired a +2 battleaxe of venom
  3101 | D:4      | Gained mutation: You are partially covered in rugged brown
                  | scales. (AC +1, +3% HP) [demonic ancestry]
  3101 | D:4      | Reached XP level 5. HP: 37/43 MP: 4/4
  3161 | D:4      | Reached skill level 4 in Axes
  3182 | D:4      | Noticed Sigmund
  3192 | D:4      | Killed Sigmund
  3193 | D:4      | Reached skill level 1 in Stealth
  3193 | D:4      | Gained mutation: You are partially covered in sharp spines.
                  | [demonic ancestry]
  3193 | D:4      | Reached XP level 6. HP: 24/49 MP: 5/5
  3362 | D:4      | Lost mutation: You have sharp toenails. [potion of
                  | mutation]
  3362 | D:4      | Lost mutation: You have a beak for a mouth. [potion of
                  | mutation]
  3362 | D:4      | Gained mutation: You are agile. (Dex +4, Str/Int -1)
                  | [potion of mutation]
  3362 | D:4      | Gained mutation: You are very agile. (Dex +8, Str/Int -2)
                  | [potion of mutation]
  3362 | D:4      | Gained mutation: You are strong-willed. (Will+) [potion of
                  | mutation]
  3362 | D:4      | Gained mutation: You are robust. (+10% HP) [potion of
                  | mutation]
  3621 | D:4      | Noticed Grinder
  3633 | D:4      | Paralysed by Grinder for 4 turns
  3638 | D:4      | Killed Grinder
  3639 | D:4      | Reached XP level 7. HP: 41/61 MP: 0/6
  3747 | D:4      | Noticed Menkaure
  3756 | D:4      | Killed Menkaure
  3757 | D:4      | Reached skill level 5 in Axes
  4152 | D:5      | Entered Level 5 of the Dungeon
  4414 | D:5      | Noticed Blork the orc
  4421 | D:5      | Reached skill level 6 in Axes
  4427 | D:5      | Killed Blork the orc
  4428 | D:5      | Gained mutation: Your touch may irresistibly damage your
                  | foes and sap their willpower. [demonic ancestry]
  4428 | D:5      | Reached XP level 8. HP: 59/68 MP: 7/7
  4479 | D:5      | Noticed Duvessa
  4479 | D:5      | Noticed Dowan
  4487 | D:5      | Killed Duvessa
  4488 | D:5      | Reached skill level 5 in Fighting
  4489 | D:5      | Killed Dowan
  4652 | D:5      | Found a radiant altar of Vehumet.
  4874 | D:5      | Found a staircase to the Ecumenical Temple.
  5561 | D:6      | Found a basalt altar of Yredelemnul.
  5683 | D:6      | Found Norruniz's Book Shoppe.
  5723 | D:6      | Reached skill level 7 in Axes
  5724 | D:6      | Reached *** piety under Trog
  5725 | D:6      | Reached skill level 5 in Armour
  5757 | D:6      | Found a transporter.
  5758 | D:6      | Noticed miserystealer's ghost (novice DrTm)
  5759 | D:6      | Identified the +5 great mace "Qokeupeg" {vorpal, rPois
                  | Int-4 Stlth+}
  5760 | D:6      | Found a transporter.
  5841 | D:6      | Noticed Pikel
  5852 | D:6      | HP: 3/106 [Pikel/+2 whip of flaming (4)]
  5852 | D:6      | HP: 1/106 [Pikel/+2 whip of flaming (2)]
  5852 | D:6      | Slain by a lemure

Illustrated notes

Levels and vault maps discovered:
D:1:      ldierk_walled_garden, layout_loops_ring,
          ebering_ecumenical_altar_petrified
D:2:      minmay_inner_zag, layout_loops_ring, minmay_misc_feat_roman,
          st_stairs_11, chequers_big_river, kennysheep_nondescript
D:3:      layout_loops_ring, xom_butterflies, serial_shops, shop,
          nrook_loot_triangle
D:4:      layout_basic, kennysheep_pointless_box, minmay_misc_feat_tiny,
          minmay_mini_ossuary, uniq_sigmund, uniq_grinder, uniq_menkaure
D:5:      layout_rooms, lemuel_tele_altar, minmay_temple_entry_gardened_gates,
          roderic_serpentine_path, uniq_duvessa, uniq_blork_the_orc
D:6:      layout_loops_corners, lemuel_coloured_pillars_altar, elyvilon_altar_5,
          gammafunk_ghost_smash, gup_sewer_entry_glass, serial_shops, shop,
          uniq_pikel

Skill      XL: |  1  2  3  4  5  6  7  8 |
---------------+-------------------------+-----
Axes           | 3 4 6 7 |  7.3
Dodging        | 2 3 |  3.4
Armour         | 2 3 4 5 |  5.1
Fighting       | 4 5 |  5.5
Stealth        | 1 |  1.6
Evocations     | |  0.4

Action                   |  1- 3 |  4- 6 |  7- 9 || total
-------------------------+-------+-------+-------++-------
Melee: Hand axe          |    97 |    20 |       ||   117
       Kick              |    19 |     9 |       ||    28
       Touch             |     8 |     4 |       ||    12
       Punch             |     3 |       |       ||     3
       Battleaxe         |       |    23 |    92 ||   115
       Peck              |       |     1 |       ||     1
Invok: Berserk           |       |       |     3 ||     3
       Trog's Hand       |       |       |     2 ||     2
Evoke: Wand              |       |     2 |       ||     2
  Use: Scroll            |     5 |     5 |     2 ||    12
       Potion            |     3 |     1 |     2 ||     6
Armor: Animal skin       |    15 |       |       ||    15
       Scale mail        |    27 |    21 |    73 ||   121
       Skin              |     4 |       |       ||     4
Dodge: Dodged            |    75 |    30 |    87 ||   192
